 Dungeon Crawl Stone Soup version 0.31-a0-43-g46d131a48f (webtiles) character file.

Game seed: 4360025802801378717

19 IdlyInterested the Trooper (level 2, 0/25 HPs)
             Began as a Demonspawn Wanderer on May 18, 2023.
             Succumbed to an adder's poison
             ... on level 2 of the Dungeon.
             The game lasted 00:02:27 (1089 turns).

IdlyInterested the Trooper (Demonspawn Wanderer)    Turns: 1089, Time: 00:02:28

Health: 0/25       AC:  3    Str: 12    XL:     2   Next: 55%
Magic:  3/3        EV: 10    Int: 12    God:
Gold:   45         SH:  4    Dex: 13    Spells: 2/3 levels left

rFire   . . .        f - +0 short sword
rCold   . . .        b - +0 buckler
rNeg    . . .        o - +0 leather armour
rPois   .            (no helmet)
rElec   .            (no cloak)
rCorr   .            (no gloves)
SInv    .            (no boots)
Will    .....        (no amulet)
Stlth   +            (no ring)
HPRegen 0.24/turn    (no ring)
MPRegen 0.08/turn

%: no passive effects
@: lethally poisoned (0 -> -3), attractive
A: powered by death 1
a: no special abilities


You were on level 2 of the Dungeon.
You visited 1 branch of the dungeon, and saw 2 of its levels.

You collected 45 gold pieces.

Inventory:

Hand Weapons
 a - a +0 dagger
 f - a +0 short sword (weapon)
 r - a +0 whip
Missiles
 g - 22 stones
 q - a poisoned dart
Armour
 b - a +0 buckler (worn)
 d - a +0 robe
 o - a +0 leather armour (worn)
Scrolls
 e - a scroll of teleportation
 k - a scroll of identify {unknown}
 m - a scroll of enchant armour {unknown}
Potions
 c - a potion of invisibility
 h - a potion of ambrosia {unknown}
 i - 3 potions of attraction
 j - a potion of haste {unknown}
 l - a potion of curing {unknown}
 n - 3 potions of mutation {unknown}
 p - a potion of degeneration {unknown}


   Skills:
 + Level 4.2 Fighting
 - Level 1.0 Armour
 - Level 1.0 Dodging
 * Level 0.1 Stealth
 - Level 1.7 Shields
 - Level 1.0 Spellcasting
 - Level 1.7 Translocations
 - Level 1.0 Evocations


You had 2 spell levels left.
You knew the following spells:

 Your Spells              Type           Power      Damage    Failure   Level
a - Apportation           Tloc           8%         N/A       26%         1

Your spell library contained the following spells:

 Spells                   Type           Power      Damage    Failure   Level
 Slow                     Hex            0%         N/A       50%         1
 Portal Projectile        Hex/Tloc       4%         N/A       75%         3
 Confusing Touch          Hex            0%         N/A       86%         3
 Vampiric Draining        Necr           0%         2d6       86%         3
 Passage of Golubria      Tloc           4%         N/A       95%         4
 Alistair's Intoxication  Tmut/Pois      0%         N/A       100%        5


Dungeon Overview and Level Annotations

Branches:
Dungeon (2/15)

Altars:


Innate Abilities, Weirdness & Mutations

You regenerate a little health from kills.


Message History

You hit the adder but do no damage.
The adder is heavily wounded.
You feel sick. The adder bites you but does no damage.
The adder barely misses you.
You barely miss the adder.
The adder is heavily wounded.
You feel sick. The adder bites you but does no damage.
You hit the adder.
The adder is severely wounded.
You feel sick. The adder closely misses you.
You hit the adder.
The adder is almost dead.
You feel sick. The adder bites you but does no damage.
The adder closely misses you.
You miss the adder.
The adder is almost dead.
You feel sick. The adder bites you.
* * * LOW HITPOINT WARNING * * *
You closely miss the adder.
The adder is almost dead.
You feel sick.
You are no longer poisoned.
The adder bites you but does no damage.
You closely miss the adder.
The adder is almost dead.
You block the adder's attack. The adder bites you but does no damage.
You miss the adder.
The adder is almost dead.
The adder bites you.
* * * LOW HITPOINT WARNING * * *
You are lethally poisoned!
The adder poisons you!
Unknown command.
You closely miss the adder.
The adder is almost dead.
* * * LOW HITPOINT WARNING * * *
You feel sick. The adder closely misses you. The adder barely misses you.
It was a potion of attraction.
You feel attractive to monsters.
You die...

..w. #S#)# .)..# #...# #
#(rg ###.####### #####..
#.........#
...$..r#####.#.##.##.###
.....SgrS@.............#
..##########.###†.##.#.#
#.....# #.###†.####
#....><# ###.##.# #..
#.# #.# ..# ... ...


You could see an adder, a goblin, a ball python and 2 rats.

Vanquished Creatures
  4 ball pythons
  A giant cockroach (D:1)
  A goblin (D:1)
  4 hobgoblins (D:1)
  A bat (D:1)
  2 frilled lizards (D:1)
  3 kobolds (D:1)
  4 rats (D:1)
20 creatures vanquished.

Notes
Turn   | Place    | Note
-------+----------+-------------------------------------------
     0 | D:1      | IdlyInterested the Demonspawn Wanderer began the quest for
                  | the Orb.
     0 | D:1      | IdlyInterested set off with the following items: a +0
                  | dagger, a +0 buckler, a potion of invisibility, a +0 robe,
                  | a scroll of teleportation; and the following spell
                  | memorised: Apportation; and the following spells available
                  | to memorise: Portal Projectile, Passage of Golubria.
     0 | D:1      | Reached XP level 1. HP: 19/19 MP: 2/2
   260 | D:1      | Reached skill level 1 in Armour
   406 | D:1      | Gained mutation: You regenerate a little health from kills.
                  | [demonic ancestry]
   406 | D:1      | Reached XP level 2. HP: 17/25 MP: 3/3
   873 | D:1      | Reached skill level 1 in Dodging
  1088 | D:2      | HP: 1/25 [poisoned by an adder]
  1089 | D:2      | Succumbed to an adder's poison

Illustrated notes

Levels and vault maps discovered:
D:1:      minmay_arrival_semitransparent, layout_basic
D:2:      layout_loops_ring, amcnicky_mini_rare_corridor_liquid, minmay_circle_x

Skill      XL: |  1  2 |
---------------+-------+-----
Armour         | 1 |  1.0
Dodging        | 1 |  1.0
Fighting       | |  4.2
Stealth        | |  0.1
Shields        | |  1.7
Spellcasting   | |  1.0
Translocations | |  1.7
Evocations     | |  1.0

Action                     || total
---------------------------++-------
  Melee: Short sword       ||    87
         Dagger            ||     7
  Throw: Dart              ||     1
    Use: Potion            ||     1
   Stab: Sleeping          ||     1
 Armour: Robe              ||     7
         Leather armour    ||    12
  Dodge: Dodged            ||    32
  Block: Buckler           ||    18

Table legend: (Time is in decaauts)
 A = Elapsed time spent in this place.
 B = Non-inter-level travel time spent in this place.
 C = Inter-level travel time spent in this place.
 D = Time resting spent in this place.
 E = Time spent auto-exploring this place.
 F = Levels seen in this place.
 G = Mean time per level.
                   A        B        C        D        E       F      G
               +--------+--------+--------+--------+--------+-----+--------+
         Total |   1094 |   1038 |     56 |    107 |    677 |   2 |  547.0 |
       Dungeon |   1094 |   1038 |     56 |    107 |    677 |   2 |  547.0 |
               +--------+--------+--------+--------+--------+-----+--------+

Top non-repeatable levels by time:
     D:1: 1050 daAuts
     D:2: 44 daAuts
